 Dungeon Crawl Stone Soup version 0.23-a0-458-g93a6ea9 (webtiles) character file.

279 tilp the Chiller (level 6, -11/46 HPs)
             Began as a Merfolk Ice Elementalist on Nov 25, 2018.
             Mangled by a mummy (20 damage)
             ... in an ossuary.
             The game lasted 00:08:26 (3630 turns).

tilp the Chiller (Merfolk Ice Elementalist)         Turns: 3630, Time: 00:08:27

Health: -11/46     AC:  8    Str:  8    XL:     6   Next: 26%
Magic:  4/9        EV: 14    Int: 17    God:
Gold:   166        SH:  0    Dex: 14    Spells: 3/9 levels left

rFire    . . .     SeeInvis .   d - +0 dagger
rCold    . . .     Gourm    .   (no shield)
rNeg     + . .     Faith    .   a - +0 robe
rPois    .         Spirit   .   r - +0 helmet
rElec    .         Reflect  .   (no cloak)
rCorr    .         Harm     .   (no gloves)
MR       .....                  (no boots)
Stlth    ++........             (no amulet)
HPRegen  0.15/turn              m - ring of positive energy
MPRegen  0.11/turn              (no ring)

@: icy armour
A: change form in water, swift swim, stealthy swim
a: no special abilities


You were in an ossuary.
You were not hungry.

You visited 1 branch of the dungeon, and saw 4 of its levels.
You also visited: Ossuary.

You collected 166 gold pieces.

Inventory:

Hand Weapons
 d - a +0 dagger (weapon)
Missiles
 e - 58 stones (quivered)
Armour
 a - a +0 robe (worn)
 r - a +0 helmet (worn)
Jewellery
 h - a +4 ring of evasion {unknown}
 j - a cursed amulet of inaccuracy {unknown}
 m - a ring of positive energy (left hand)
 t - an uncursed amulet of magic regeneration {unknown}
Scrolls
 b - a scroll of identify {unknown}
 f - 2 scrolls of remove curse {unknown}
 g - a scroll of enchant weapon {unknown}
 i - a scroll of amnesia {unknown}
 k - a scroll of enchant armour {unknown}
 l - a scroll of magic mapping
 q - a scroll of fear {unknown}
Potions
 n - a potion of invisibility {unknown}
 p - a potion of lignification {unknown}
 s - a potion of might {unknown}
Comestibles
 c - 9 rations
 o - a chunk of flesh


   Skills:
 + Level 2.9 Fighting
 + Level 4.6 Dodging
 - Level 2.1 Stealth
 - Level 2.0 Spellcasting
 - Level 0.7 Conjurations
 - Level 6.0 Ice Magic


You had 3 spell levels left.
You knew the following spells:

 Your Spells              Type           Power        Failure   Level  Hunger
a - Freeze                Ice            ###.         1%          1    #......
b - Throw Frost           Conj/Ice       ##....       8%          2    ###....
c - Ozocubu's Armour      Chrm/Ice       ##......     17%         3    ###....

Your spell library contained the following spells:

 Spells                   Type           Power        Failure   Level  Hunger
 Throw Icicle             Conj/Ice       ##......     43%         4    #####..
 Summon Ice Beast         Ice/Summ       ##......     50%         4    #####..


Dungeon Overview and Level Annotations

Branches:
Dungeon (4/15)             Temple (0/1) D:4

Altars:
Fedhas
Nemelex Xobeh
Qazlal
Yredelemnul

Annotations:
D:2 1 runed door


Message History

Press: ? - help, Shift-Dir - straight line, f/p - mummy
Aim: a mummy (lightly damaged)
You freeze the mummy.
The mummy completely resists.
The mummy hits you!!
* * * LOW HITPOINT WARNING * * *
Casting: Freeze (safe; 1% risk of failure)
Confirm with . or Enter, or press ? or * to list all spells.
Aiming: Freeze (safe; 1% risk of failure)
Press: ? - help, Shift-Dir - straight line, f/p - mummy
Aim: a mummy (lightly damaged)
You freeze the mummy.
The mummy resists.
The mummy is lightly damaged.
Casting: Freeze (safe; 1% risk of failure)
Confirm with . or Enter, or press ? or * to list all spells.
Aiming: Freeze (safe; 1% risk of failure)
Press: ? - help, Shift-Dir - straight line, f/p - mummy
Aim: a mummy (lightly damaged)
You freeze the mummy.
The mummy resists.
The mummy is moderately damaged.
The mummy hits you!!
You die...

#....#
#....#
#....#
#....#
#....#
#...(#
#..(.#
#..M.#
#.∩@.#
######


You could see a mummy.

Vanquished Creatures
  2 orc priests
  A hound (D:4)
  A worker ant (D:2)
  Robin (D:2)
  5 adders
  An ooze (D:2)
  A worm (D:3)
  4 dart slugs
  3 leopard geckos
  11 orcs
  4 giant cockroaches
  2 gnoll zombies (Ossuary)
  15 goblins
  6 hobgoblins
  A ball python (D:3)
  7 bats
  4 frilled lizards
  A hobgoblin zombie (Ossuary)
  8 kobolds
  3 kobold zombies (Ossuary)
  A rat (D:1)
82 creatures vanquished.

Notes
Turn   | Place    | Note
-------+----------+-------------------------------------------
     0 | D:1      | tilp the Merfolk Ice Elementalist began the quest for the
                  | Orb.
     0 | D:1      | Reached XP level 1. HP: 13/13 MP: 3/3
   397 | D:1      | Reached XP level 2. HP: 19/19 MP: 3/5
   401 | D:1      | Reached skill level 4 in Ice Magic
   411 | D:1      | Learned a level 2 spell: Throw Frost
  1131 | D:2      | Reached XP level 3. HP: 20/24 MP: 4/6
  1298 | D:2      | Reached skill level 5 in Ice Magic
  1496 | D:2      | Reached XP level 4. HP: 9/30 MP: 0/7
  1768 | D:2      | Reached skill level 6 in Ice Magic
  1817 | D:2      | Found a basalt altar of Yredelemnul.
  1883 | D:2      | Found a runed door.
  1962 | D:2      | Noticed Robin
  1976 | D:2      | Reached XP level 5. HP: 32/36 MP: 2/8
  2161 | D:2      | Killed Robin
  2161 | D:2      | Reached skill level 1 in Fighting
  2171 | D:2      | Learned a level 3 spell: Ozocubu's Armour
  2440 | D:3      | Found a blossoming altar of Fedhas.
  2988 | D:3      | Reached XP level 6. HP: 42/46 MP: 4/9
  3210 | D:3      | Found a sparkling altar of Nemelex Xobeh.
  3414 | D:4      | Found a stormy altar of Qazlal.
  3414 | D:4      | Noticed a water elemental
  3418 | D:4      | Noticed a fire elemental
  3479 | D:4      | Found a sand-covered staircase.
  3501 | Ossuary  | Entered an ossuary
  3630 | Ossuary  | Mangled by a mummy

Vault maps used:
D:1:      tarquinn_simple_flora_water_c
D:2:      yredelemnul_altar_generic, first_ration, uniq_crazy_yiuf_cottage,
          uniq_robin
D:3:      lemuel_crystal_altar, nemelex_altar_shiori
D:4:      lemuel_upstairs_altar, nicolae_qazlal_style_of_elements,
          minmay_temple_entry_statues_pillars, enter_ossuary_2
Ossuary:  ossuary_tomb_3

Skill      XL: |  1  2  3  4  5 |
---------------+----------------+-----
Ice Magic      | 4 5 6 |  6.0
Fighting       | 2 |  2.9
Dodging        | 4 |  4.6
Stealth        | |  2.1
Spellcasting   | |  2.0
Conjurations   | |  0.7

Action                   |  1- 3 |  4- 6 || total
-------------------------+-------+-------++-------
Melee: Dagger            |    19 |    80 ||    99
Throw: Stone             |       |     4 ||     4
 Cast: Freeze            |    39 |    82 ||   121
       Ozocubu's Armour  |       |     3 ||     3
  Use: Scroll            |       |     1 ||     1
 Stab: Sleeping          |     3 |     4 ||     7
  Eat: Chunk             |     2 |     9 ||    11
Armor: Robe              |     8 |    25 ||    33
Dodge: Dodged            |    37 |   105 ||   142

Table legend:
 A = Non-vault XP
 B = Vault XP
 C = Vault XP percentage of total XP
 D = Non-vault monster count
 E = Vault monster count
 F = Vault count percentage of total count
                 A         B        C        D         E       F
            +---------+---------+-------+---------+---------+-------
      Total |     356 |      43 |  10.8 |      64 |      18 |  22.0
            +---------+---------+-------+---------+---------+-------
        D:1 |      17 |       0 |   0.0 |      10 |       0 |   0.0
        D:2 |     152 |      35 |  18.7 |      25 |      12 |  32.4
        D:3 |     142 |       0 |   0.0 |      27 |       0 |   0.0
        D:4 |      45 |       0 |   0.0 |       2 |       0 |   0.0
    Ossuary |       0 |       8 | 100.0 |       0 |       6 | 100.0
            +---------+---------+-------+---------+---------+-------
